 Dungeon Crawl Stone Soup version 0.22-a0-305-gd21a89c (webtiles) character file.

6290 vishdafish the Skirmisher (level 10, -5/76 HPs)
             Began as a Demonspawn Fire Elementalist on Mar 30, 2018.
             Was a High Priest of Vehumet.
             Engulfed by a cloud of flame (9 damage)
             ... on level 9 of the Dungeon.
             The game lasted 00:42:28 (12447 turns).

vishdafish the Skirmisher (DsFE)                   Turns: 12447, Time: 00:42:29

Health: -5/76      AC:  8    Str: 15    XL:     10   Next: 63%
Magic:  16/18      EV: 14    Int: 21    God:    Vehumet [*****.]
Gold:   542        SH:  7    Dex: 11    Spells: 3/20 levels left

rFire    + . .     SeeInvis .   m - +0 long sword
rCold    + . .     Gourm    .   H - +2 buckler
rNeg     . . .     Faith    +   a - +0 robe
rPois    .         Spirit   .   (no helmet)
rElec    .         Reflect  .   (no cloak)
rCorr    .         Harm     .   C - +2 pair of gloves
MR       .....                  (no boots)
Stlth    ++........             p - amulet of faith
HPRegen  0.22/turn              o - ring of protection from cold
MPRegen  0.16/turn              K - +5 ring of strength

@: drained
A: claws 2, yellow scales 2, clumsy 1, fire resistance 1, powered by pain 1,
strong 1, evolution 1
a: Renounce Religion


You were on level 9 of the Dungeon.
You worshipped Vehumet.
Vehumet was extremely pleased with you.
You were not hungry.

You visited 2 branches of the dungeon, and saw 11 of its levels.

You collected 542 gold pieces.

Inventory:

Hand Weapons
 d - a +2 hand axe of electrocution
 m - a +0 long sword (weapon)
 r - a +0 blowgun
 F - a +2 flail of protection
Missiles
 b - 123 sling bullets
 e - 77 bolts
 s - 48 poisoned needles
Armour
 a - a +0 robe (worn)
 C - a +2 pair of gloves (worn)
 H - a +2 buckler (worn)
 O - a +4 scale mail
Magical Staves
 z - an uncursed staff of earth
Jewellery
 f - an uncursed ring of protection from fire
 o - a ring of protection from cold (left hand)
 p - an amulet of faith (around neck)
 q - a +3 ring of strength
 v - an uncursed ring of magical power
 I - an uncursed amulet of regeneration
 K - a +5 ring of strength (right hand)
 N - an uncursed ring of resist corrosion
 Q - an uncursed amulet of rage
Wands
 M - a wand of paralysis (13)
Scrolls
 h - 6 scrolls of remove curse
 k - a scroll of immolation
 l - a scroll of enchant weapon {unknown}
 n - a scroll of teleportation
 u - 3 scrolls of magic mapping
 w - a scroll of enchant armour {unknown}
 x - 2 scrolls of amnesia {unknown}
 y - a scroll of acquirement {unknown}
 A - a scroll of blinking {unknown}
 B - 2 scrolls of fear
 J - a scroll of random uselessness {unknown}
Potions
 g - 3 potions of mutation
 j - 4 potions of cancellation
 t - 2 potions of flight
 D - a potion of berserk rage
 E - 4 potions of might
 G - a potion of resistance
 L - 2 potions of lignification
Comestibles
 c - 10 rations


   Skills:
 - Level 6.1(5.6) Fighting
 * Level 4.3(3.8) Long Blades
 * Level 3.8(3.4) Armour
 - Level 5.4(5.0) Dodging
 - Level 1.7(1.3) Stealth
 - Level 5.2(4.7) Shields
 - Level 5.6(5.1) Spellcasting
 - Level 5.0(4.5) Conjurations
 * Level 2.4(1.9) Translocations
 + Level 5.8(5.3) Fire Magic
 - Level 3.0(2.6) Poison Magic


You had 3 spell levels left.
You knew the following spells:

 Your Spells              Type           Power        Failure   Level  Hunger
a - Flame Tongue          Conj/Fire      ####.        1%          1    None
b - Sting                 Conj/Pois      ###.         1%          1    None
c - Conjure Flame         Conj/Fire      ####....     1%          3    ##.....
d - Searing Ray           Conj           ###...       1%          2    None
e - Mephitic Cloud        Conj/Pois/Air  ###.....     3%          3    ##.....
f - Fireball              Conj/Fire      ####......   11%         5    #####..
g - Blink                 Tloc           N/A          7%          2    None


Dungeon Overview and Level Annotations

Branches:
Dungeon (10/15)            Temple (1/1) D:4            Lair (0/6) D:9
    Orc (0/2) D:10

Altars:
Ashenzari
Cheibriados
Dithmenos
Elyvilon
Gozag
Hepliaklqana
Kikubaaqudgha
Makhleb
Nemelex Xobeh
Okawaru
Qazlal
Ru
Sif Muna
Trog
Uskayaw
Vehumet
Wu Jian
Xom
Yredelemnul
Zin
The Shining One

Annotations:
D:10 2 transporters


Innate Abilities, Weirdness & Mutations

You have very sharp fingernails.
You are mostly covered in yellow scales. (AC +3)
You sometimes gain a little power by taking damage.
You are clumsy. (Dex -2)
Your flesh is heat resistant. (rF+)
Your muscles are strong. (Str +2)
You evolve.


Message History

The slime creature is engulfed in blazing flames.
You hit the slime creature but do no damage.
The slime creature is heavily wounded.
The slime creature hits you!
* * * LOW HITPOINT WARNING * * *
You focus on the pain.
You feel your power returning.
The yak is engulfed in blazing flames.
You block the slime creature's attack.
You hit the slime creature.
The slime creature is severely wounded.
The yak is engulfed in blazing flames.
The slime creature hits you!
* * * LOW HITPOINT WARNING * * *
Okay, then.
Okay, then.
Casting: Conjure Flame (safe; 1% risk of failure)
Confirm with . or Enter, or press ? or * to list all spells.
Okay, then.
Casting: Conjure Flame (safe; 1% risk of failure)
Confirm with . or Enter, or press ? or * to list all spells.
You blink.
You are engulfed in blazing flames.
You resist.
You die...

###..≈## #..##### ..#..≈≈#
####.#### ..#...≈#
#.......# .)#...≈###
#.......# #.#....'.#
#.......# ......≈#)#
#.......# .....≈≈#.#
#.......#
....≈≈##.##########.......#
≈≈≈≈≈##...§JY..§@.'.......#
###################.>.....#
#########


You could see a slime creature and a yak.

Vanquished Creatures
  Grinder (D:6)
  Sigmund (D:3)
  3 hogs (D:7)
  2 yaks (D:10)
  A human (D:7)
  4 hungry ghosts
  Edmund (D:5)
  6 orc warriors
  A black bear (D:10)
  2 ice beasts
  A necrophage (D:8)
  4 phantoms
  2 sky beasts
  3 ogres
  5 centaurs
  2 big kobolds
  3 bullfrogs
  5 scorpions
  A troll zombie (D:10)
  A jelly (D:9)
  A killer bee (D:9)
  6 wights
  An electric eel (D:9)
  3 crimson imps
  4 hounds
  2 bullfrog zombies
  A bullfrog skeleton (D:7)
  9 orc priests
  An iguana (D:5)
  Natasha (thrice) (D:3)
  7 orc wizards
  5 worker ants
  3 ogre zombies (D:10)
  3 hound skeletons
  A howler monkey skeleton (D:7)
  A worker ant zombie (D:10)
  7 gnolls
  13 adders
  3 shadow imps
  4 worms
  3 dart slugs (D:3)
  9 leopard geckos
  50 orcs
  5 giant cockroaches
  8 goblins
  7 hobgoblins
  3 jackals (D:7)
  6 quokkas
  3 ball pythons
  6 bats
  3 frilled lizards (D:2)
  A goblin skeleton (D:10)
  A goblin zombie (D:10)
  3 hobgoblin zombies (D:10)
  A jackal skeleton (D:6)
  16 kobolds
  A leopard gecko skeleton (D:4)
  2 orc skeletons (D:10)
  9 orc zombies (D:10)
  9 rats
  A plant (D:9)
274 creatures vanquished.

Vanquished Creatures (others)
  A rat (D:3)
1 creature vanquished.

Grand Total: 275 creatures vanquished

Notes
Turn   | Place    | Note
-------+----------+-------------------------------------------
     0 | D:1      | vishdafish the Demonspawn Fire Elementalist began the quest for the Orb.
     0 | D:1      | Reached XP level 1. HP: 13/13 MP: 3/3
   693 | D:1      | Gained mutation: You are partially covered in yellow scales. (AC +2) [demonic ancestry]
   693 | D:1      | Reached XP level 2. HP: 18/19 MP: 5/5
  1229 | D:2      | Found a glowing silver altar of Zin.
  1546 | D:2      | Reached XP level 3. HP: 24/24 MP: 4/6
  1777 | D:2      | Reached XP level 4. HP: 20/30 MP: 4/7
  2026 | D:2      | Found a sparkling altar of Nemelex Xobeh.
  2153 | D:2      | Found a glowing golden altar of the Shining One.
  2288 | D:2      | Found a deep blue altar of Sif Muna.
  2289 | D:2      | Found a shadowy altar of Dithmenos.
  2292 | D:2      | Found an iron altar of Okawaru.
  2717 | D:3      | Noticed Sigmund
  2739 | D:3      | Killed Sigmund
  2739 | D:3      | Reached XP level 5. HP: 25/35 MP: 7/9
  2739 | D:3      | Gained mutation: You have sharp fingernails. [demonic ancestry]
  2739 | D:3      | Reached XP level 6. HP: 30/41 MP: 7/10
  2778 | D:3      | Noticed Natasha
  2788 | D:3      | Killed Natasha
  3093 | D:3      | Noticed Natasha
  3099 | D:3      | Killed Natasha
  3220 | D:3      | Found an ornate altar of the Wu Jian Council.
  3515 | D:3      | Noticed Natasha
  3527 | D:3      | Killed Natasha
  3527 | D:3      | Reached skill level 1 in Fighting
  3723 | D:4      | Found a staircase to the Ecumenical Temple.
  3764 | Temple   | Entered the Ecumenical Temple
  3965 | Temple   | Became a worshipper of Vehumet
  4290 | D:4      | Reached skill level 2 in Fighting
  4602 | D:4      | Reached XP level 7. HP: 44/50 MP: 12/12
  4608 | D:4      | Found a white marble altar of Elyvilon.
  4892 | D:5      | Entered Level 5 of the Dungeon
  4948 | D:5      | Found a hazy altar of Hepliaklqana.
  5342 | D:5      | Reached skill level 3 in Fighting
  5342 | D:5      | Reached skill level 1 in Shields
  5713 | D:6      | Noticed Edmund
  5759 | D:5      | Killed Edmund
  5989 | D:6      | Reached skill level 4 in Fighting
  6050 | D:6      | Found a burning altar of Makhleb.
  6082 | D:6      | Gained mutation: You are mostly covered in yellow scales. (AC +3) [demonic ancestry]
  6082 | D:6      | Reached XP level 8. HP: 29/60 MP: 14/14
  6324 | D:6      | Reached * piety under Vehumet
  6324 | D:6      | Offered knowledge of Sting by Vehumet.
  6432 | D:6      | Found a white marble altar of Elyvilon.
  6522 | D:6      | Noticed Grinder
  6537 | D:6      | Killed Grinder
  6537 | D:6      | Reached skill level 5 in Shields
  6557 | D:6      | Learned a level 1 spell: Sting
  6561 | D:6      | Learned a level 3 spell: Conjure Flame
  6951 | D:7      | Found a stormy altar of Qazlal.
  7448 | D:7      | Offered knowledge of Throw Frost by Vehumet.
  7690 | D:6      | Reached ** piety under Vehumet
  7720 | D:7      | Gained mutation: You sometimes gain a little power by taking damage. [demonic ancestry]
  7720 | D:7      | Reached XP level 9. HP: 52/67 MP: 16/16
  7776 | D:7      | Reached skill level 1 in Poison Magic
  7894 | D:7      | Reached skill level 5 in Fighting
  7894 | D:7      | Reached skill level 5 in Spellcasting
  8129 | D:7      | Offered knowledge of Searing Ray by Vehumet.
  8676 | D:8      | Reached skill level 5 in Dodging
  8778 | D:8      | Reached *** piety under Vehumet
  8806 | D:8      | Learned a level 2 spell: Searing Ray
  8810 | D:8      | Learned a level 3 spell: Mephitic Cloud
  8828 | D:8      | Offered knowledge of Ignite Poison by Vehumet.
  8847 | D:8      | Reached skill level 5 in Conjurations
  8924 | D:8      | Reached skill level 6 in Fighting
  8992 | D:8      | Reached skill level 1 in Long Blades
  9047 | D:8      | Reached skill level 5 in Fire Magic
  9175 | D:8      | Learned a level 5 spell: Fireball
  9245 | D:8      | Reached **** piety under Vehumet
  9506 | D:9      | Offered knowledge of Lee's Rapid Deconstruction by Vehumet.
  9506 | D:9      | Reached skill level 1 in Armour
  9506 | D:9      | Gained mutation: You have very sharp fingernails. [demonic ancestry]
  9506 | D:9      | Reached XP level 10. HP: 67/76 MP: 5/18
 10031 | D:9      | Found a staircase to the Lair.
 11036 | D:9      | Learned a level 2 spell: Blink
 11063 | D:10     | Entered Level 10 of the Dungeon
 11105 | D:10     | Found a transporter.
 11108 | D:10     | Noticed a stone giant
 11109 | D:10     | Noticed a deep elf mage
 11113 | D:10     | Noticed a seven-headed hydra
 11130 | D:10     | Found a transporter.
 11346 | D:10     | Gained mutation: You are clumsy. (Dex -2) [potion of mutation]
 11346 | D:10     | Gained mutation: Your muscles are strong. (Str +2) [potion of mutation]
 11346 | D:10     | Gained mutation: You evolve. [potion of mutation]
 11346 | D:10     | Gained mutation: Your flesh is heat resistant. (rF+) [potion of mutation]
 11439 | D:10     | Reached skill level 1 in Translocations
 11969 | D:10     | Found a staircase to the Orcish Mines.
 12002 | D:10     | Reached ***** piety under Vehumet
 12002 | D:10     | Offered knowledge of Olgreb's Toxic Radiance by Vehumet.
 12444 | D:9      | HP: 3/76 [slime creature (12)]
 12447 | D:9      | Engulfed by a cloud of flame

Vault maps used:
D:1:      dpeg_arrival_connections
D:2:      minitemple, nicolae_overflow_hidden_temple,
          nicolae_overflow_crystal_walls
D:3:      overflow_temple_1_default, uniq_sigmund, uniq_natasha
D:4:      elyvilon_altar_3, minmay_temple_entry_mist, minmay_cupped
D:5:      lemuel_doored_altar, first_ration, minmay_misc_feat_iff
D:6:      bloody_makhleb, basic_altar, uniq_edmund, uniq_grinder
D:7:      old_standard_altar, grunt_livestock
D:8:      special_room
D:9:      grunt_lair_entry_orc_guard_hut, kennysheep_potato
D:10:     gammafunk_sealed_arena, zombieorc1_lemuel, minivault_26
Temple:   jpeg_temple_alley_garden

Skill      XL: |  1  2  3  4  5  6  7  8  9 10 |
---------------+-------------------------------+-----
Fire Magic     | 3 4 5 |  5.8
Dodging        | 2 3 4 5 |  5.4
Conjurations   | 2 3 5 |  5.0
Spellcasting   | 3 4 5 |  5.6
Fighting       | 2 4 6 |  6.1
Shields        | 2 5 |  5.2
Poison Magic   | 3 |  3.0
Long Blades    | 2 4 |  4.3
Armour         | 1 3 |  3.8
Translocations | 2 |  2.4
Stealth        | |  1.7

Action                   |  1- 3 |  4- 6 |  7- 9 | 10-12 || total
-------------------------+-------+-------+-------+-------++-------
Melee: Hand axe          |    63 |   163 |   314 |   126 ||   666
       Unarmed           |     2 |       |       |       ||     2
       Flail             |       |       |    46 |       ||    46
       Long sword        |       |       |       |    83 ||    83
 Fire: Blowgun           |       |       |    17 |       ||    17
 Cast: Flame Tongue      |    15 |    11 |    22 |     7 ||    55
       Sting             |       |       |    31 |     4 ||    35
       Mephitic Cloud    |       |       |     4 |     9 ||    13
       Conjure Flame     |       |       |     4 |     8 ||    12
       Fireball          |       |       |     3 |    16 ||    19
       Searing Ray       |       |       |     3 |     2 ||     5
       Blink             |       |       |       |     2 ||     2
  Use: Scroll            |       |     4 |    11 |     5 ||    20
       Potion            |       |     1 |     6 |     5 ||    12
 Stab: Sleeping          |     4 |     6 |     2 |       ||    12
       Distracted        |       |     1 |       |       ||     1
       Confused          |       |       |     1 |       ||     1
  Eat: Chunk             |     2 |     6 |    14 |     4 ||    26
       Ration            |       |     1 |     4 |     4 ||     9
Armor: Robe              |    17 |    44 |   113 |    53 ||   227
       Skin              |       |       |     1 |    10 ||    11
       Scale mail        |       |       |     1 |       ||     1
Dodge: Dodged            |    49 |   147 |   241 |   135 ||   572
Block: Buckler           |       |       |    93 |    76 ||   169
       Rpst.: Long sword |       |       |       |    15 ||    15

Table legend:
 A = Spawn XP
 B = Non-spawn XP
 C = Spawn XP percentage of total XP
 D = Spawn monster count
 E = Non-spawn monster count
 F = Spawn count percentage of total count
 G = Total turns spent on level
                    A         B        C        D         E        F      G
               +---------+---------+-------+---------+---------+-------+---------
         Total |       0 |    8986 |   0.0 |       0 |     274 |   0.0 | 12447
               +---------+---------+-------+---------+---------+-------+---------
           D:1 |       0 |      33 |   0.0 |       0 |      17 |   0.0 |  1500
           D:2 |       0 |     115 |   0.0 |       0 |      25 |   0.0 |  1089
           D:3 |       0 |     433 |   0.0 |       0 |      33 |   0.0 |  1112
           D:4 |       0 |     177 |   0.0 |       0 |      15 |   0.0 |   948
           D:5 |       0 |     423 |   0.0 |       0 |       8 |   0.0 |   827
           D:6 |       0 |    1166 |   0.0 |       0 |      21 |   0.0 |  1225
           D:7 |       0 |    1723 |   0.0 |       0 |      48 |   0.0 |  1724
           D:8 |       0 |    1340 |   0.0 |       0 |      39 |   0.0 |   793
           D:9 |       0 |    1604 |   0.0 |       0 |      29 |   0.0 |  1647
          D:10 |       0 |    1972 |   0.0 |       0 |      39 |   0.0 |  1339
               +---------+---------+-------+---------+---------+-------+---------
